AoeStats
← jrewdavis

Baltic

510918591Analyzed
3v3 RM · 11h ago on Oct 3, 2026· 69m 46s· 6 players
Game mode
Random Map
Map size
Normal (6 player)
Population
200
Speed
Normal
Resources
Standard
Victory
Conquest
Starting age
Dark Age
Ending age
Imperial Age
RankedLock teamsTeams togetherTeam positionsShared explorationLock speedFull tech treeHidden civsTurbo modeCheats
Victory
Defeat
🇺🇸 Koreans · United States
1228
+11
🇺🇸 Armenians · United States
1197
+12
🇺🇸 Georgians · United States
1065
+16
🇨🇦 Varangians · Canada
1129
-14
🇨🇦 Japanese · Canada
1118
-14
🇨🇦 Saracens · Canada
1047
-11
78!SATTACk08
9:36 Loom
11:48 Feudal Age
18:29 Castle Age
16:55 Double-Bit Axe
16:55 Horse Collar
19:31 Bow Saw
19:31 Stone Mining
19:38 Gold Mining
21:07 Stone Shaft Mining
29:18 Scale Barding Armor
29:24 Forging
32:28 Iron Casting
35:07 Chain Barding Armor
41:43 Wheelbarrow
46:12 Imperial Age
44:34 Hand Cart
47:40 Elite Monaspa
48:41 Conscription
48:31 Aznauri Cavalry
48:41 Aznauri Cavalry
49:01 Conscription
50:06 Blast Furnace
49:42 Plate Barding Armor
50:42 Bloodlines
50:33 Husbandry
kendizzle555
10:18 Feudal Age
11:09 Double-Bit Axe
12:09 Gold Mining
12:31 Loom
12:34 Horse Collar
14:23 Fishing Lines
16:07 Fletching
21:02 Castle Age
21:55 Medium Warships
22:20 Bow Saw
22:25 Gillnets
23:53 Gold Shaft Mining
23:55 Wheelbarrow
24:39 Heavy Plow
31:00 Imperial Age
31:37 Stone Mining
32:56 Chemistry
32:16 Ballistics
33:05 Two-Man Saw
32:43 Heavy Warships
33:36 Bodkin Arrow
34:53 Bracer
34:32 Crossbowman
35:18 Thumb Ring
35:04 Treadmill Crane
35:15 Capped Ram
35:26 Arbalester
36:07 Town Watch
36:38 Hand Cart
37:44 Stone Shaft Mining
39:52 Shipwright
39:43 Careening
39:40 Caravan
39:22 Elite Cannon Galleon
41:50 Scale Mail Armor
42:00 Forging
48:53 Dry Dock
48:43 Clinker Construction
48:39 Siphons
48:33 Elite Skirmisher
61:06 Eupseong
61:28 Conscription
66:51 Iron Casting
66:31 Chain Mail Armor
66:22 Scale Barding Armor
66:50 Coinage
66:31 Guilds
67:42 Masonry
67:37 Siege Engineers
70:08 Banking
layuyimartine
8:03 Loom
10:27 Feudal Age
11:27 Stone Mining
11:35 Stone Mining
11:38 Gold Mining
11:37 Double-Bit Axe
11:51 Fishing Lines
13:14 Wheelbarrow
24:07 Castle Age
22:20 Forging
25:31 Medium Warships
25:12 Gillnets
25:45 Hand Cart
26:20 Iron Casting
26:43 Bow Saw
31:05 Imperial Age
29:28 Clinker Construction
30:11 Careening
30:35 Cilician Fleet
32:51 Chemistry
32:23 Heavy Warships
33:32 Guilds
33:17 Horse Collar
34:16 Gold Shaft Mining
35:38 Conscription
36:01 Ballistics
39:41 Blast Furnace
38:42 Scale Mail Armor
40:02 Dry Dock
39:08 Man-at-Arms
39:34 Gambesons
39:49 Squires
39:35 Arson
39:57 Long Swordsman
42:05 Two-Handed Swordsman
42:42 Champion
44:34 Chain Mail Armor
44:53 Heavy Plow
47:42 Plate Mail Armor
47:21 Fereters
50:15 Coinage
50:53 Carvel Hull
57:37 Pikeman
61:06 Banking
60:58 Halberdier
64:27 Caravan
jrewdavis
9:11 Loom
11:22 Feudal Age
12:23 Fishing Lines
12:35 Double-Bit Axe
21:14 Castle Age
19:56 Fletching
20:06 Padded Archer Armor
25:02 Ballistics
31:30 Horse Collar
32:01 Squires
31:46 Gambesons
34:23 Bow Saw
34:05 Gold Mining
34:21 Scale Mail Armor
34:31 Forging
35:21 Heavy Plow
37:12 Murder Holes
38:44 Stone Mining
41:20 Wheelbarrow
43:39 Imperial Age
45:21 Conscription
44:24 Gothikon
44:44 Elite Longship
46:56 Chemistry
47:29 Hand Cart
47:00 Town Watch
52:56 Scale Barding Armor
53:02 Forging
52:15 Light Cavalry
53:05 Bloodlines
52:56 Husbandry
53:17 Hussar
56:25 Chain Barding Armor
56:41 Iron Casting
65:55 Caravan
TinkyBoi
4:39 Loom
9:50 Loom
11:36 Feudal Age
15:43 Castle Age
13:34 Horse Collar
13:52 Double-Bit Axe
16:48 Bow Saw
16:49 Gold Mining
16:52 Stone Mining
21:14 Wheelbarrow
23:33 Hand Cart
25:38 Gold Shaft Mining
26:44 Heavy Plow
29:10 Scale Mail Armor
29:20 Forging
30:30 Chain Mail Armor
30:19 Squires
30:12 Pikeman
30:38 Arson
34:30 Imperial Age
32:46 Fletching
33:32 Iron Casting
34:04 Coinage
34:34 Elite Samurai
35:35 Conscription
34:43 Halberdier
36:25 Blast Furnace
35:22 Bodkin Arrow
35:50 Yasama
35:47 Guard Tower
36:18 Ballistics
35:44 Arrowslits
35:42 Treadmill Crane
37:47 Banking
37:53 Plate Mail Armor
38:40 Chemistry
38:16 Keep
38:28 Masonry
38:14 Murder Holes
39:01 Hoardings
39:46 Caravan
40:30 Bracer
42:44 Siege Engineers
43:05 Kataparuto
45:16 Padded Archer Armor
44:41 Elite Skirmisher
45:26 Thumb Ring
49:36 Leather Archer Armor
51:07 Crossbowman
56:59 Arbalester
62:26 Ring Archer Armor
EasyE987
11:02 Feudal Age
13:36 Loom
16:48 Castle Age
18:30 Horse Collar
18:41 Double-Bit Axe
18:38 Horse Collar
22:53 Bow Saw
28:28 Husbandry
28:38 Bloodlines
28:24 Fletching
28:34 Padded Archer Armor
28:42 Padded Archer Armor
31:03 Wheelbarrow
30:45 Heavy Plow
31:32 Light Cavalry
38:34 Imperial Age
37:27 Bloodlines
38:30 Ballistics
39:21 Hand Cart
39:19 Elite Mameluke
40:19 Conscription
41:28 Two-Man Saw
46:16 Crossbowman
47:01 Thumb Ring
47:34 Parthian Tactics
46:33 Heavy Cavalry Archer
48:39 Chemistry
48:01 Bodkin Arrow
48:21 Leather Archer Armor
Connection lost

Rejoining the realm…

Still unreachable

The connection could not be restored.

Session expired

The server has moved on; the page needs a fresh start.